 Dungeon Crawl Stone Soup version 0.30.1-9-gdf580d7c3d (webtiles) character file.

Game seed: 13589769725226375995

56 KittyFluff the Trooper (level 3, 0/36 HPs)
             Began as a Gargoyle Berserker on Oct 10, 2023.
             Was a Believer of Trog.
             Slain by an orc
             ... wielding a +0 short sword
              (3 damage)
             ... on level 3 of the Dungeon.
             The game lasted 00:07:50 (1737 turns).

KittyFluff the Trooper (Gargoyle Berserker)         Turns: 1737, Time: 00:07:51

Health: 0/36       AC:  7    Str: 22    XL:     3   Next: 95%
Magic:  3/3        EV: 12    Int:  7    God:    Trog [**....]
Gold:   127        SH:  0    Dex:  9    Spells: 2/2 levels left

rFire   . . .        g - +0 quarterstaff
rCold   . . .        (shield currently unavailable)
rNeg    + . .        l - +1 robe {Will+}
rPois   ∞            (no helmet)
rElec   +            j - +0 cloak
rCorr   .            (no gloves)
SInv    .            (no boots)
Will    +....        (no amulet) Stlth
                     b - ring of flight
HPRegen 0.26/turn    (no ring)
MPRegen 0.08/turn

%: no passive effects
@: berserking, flying, very quick
A: sickness immunity, AC +3, negative energy resistance 1, electricity
resistance, torment resistance 1, petrification resistance
a: Renounce Religion, Berserk, Trog's Hand


You were on level 3 of the Dungeon.
You worshipped Trog.
Trog was pleased with you.
You visited 1 branch of the dungeon, and saw 3 of its levels.

You collected 127 gold pieces.

Inventory:

Hand Weapons
 a - a +0 mace
 g - a +0 quarterstaff (weapon)
 r - a +0 sling
Armour
 j - a +0 cloak (worn)
 l - a +1 robe of willpower (worn)
Jewellery
 b - a ring of flight (left hand)
 f - a +6 ring of intelligence
 h - an amulet of faith
Wands
 o - a wand of paralysis (10)
Scrolls
 c - a scroll of torment {unknown}
 d - a scroll of enchant weapon {unknown}
 i - a scroll of immolation {unknown}
 k - a scroll of magic mapping {unknown}
 m - a scroll of amnesia {unknown}
 q - a scroll of identify {unknown}
Potions
 e - a potion of resistance {unknown}
 n - a potion of berserk rage {unknown}
 p - a potion of might {unknown}


   Skills:
 + Level 3.6 Fighting
 + Level 3.4(3.5) Maces & Flails
 * Level 1.0(2.4) Staves
 * Level 3.1 Armour
 + Level 1.9 Dodging


You had 2 spell levels left.
You didn't know any spells.
Your spell library was empty.

Dungeon Overview and Level Annotations

Branches:
Dungeon (3/15)

Altars:
Fedhas


Innate Abilities, Weirdness & Mutations

You are immune to sickness and miasma.
Your stone body is resilient. (AC +3)
You are immune to poison.
You resist negative energy. (rN+)
You are resistant to electric shocks. (rElec)
You are resistant to unholy torment.
You are immune to petrification.


Message History

a +0 short sword; a kobold corpse
There is a stone staircase leading down here.
You fly downwards.
The orc throws a boomerang of dispersal.
The boomerang of dispersal hits you.
You blink.
An orc comes into view. It is wielding a +0 dagger.
The orc shouts!
You see here a +0 sling.
r - a +0 sling You hit the orc priest but do no damage.
The orc priest hits you with a +0 war axe.
You sock the orc priest!
The orc priest is severely wounded.
The orc priest barely misses you.
The orc throws a boomerang of dispersal.
The boomerang of dispersal closely misses you.
An orc comes into view. It is wielding a +0 flail.
The orc misses you.
The orc priest calls down the wrath of Beogh upon you.
Beogh smites you!
Ouch! That really hurt!
* * * LOW HITPOINT WARNING * * *
A red film seems to cover your vision as you go berserk!
You feel yourself moving faster!
You feel mighty! The orc barely misses you. x2
The orc priest hits you with a +0 war axe.
* * * LOW HITPOINT WARNING * * *
You barely miss the orc priest.
The orc priest is heavily wounded.
A giant cockroach comes into view.
You barely miss the orc priest.
The orc priest is heavily wounded.
The orc hits you but does no damage.
The orc priest casts a cantrip, but nothing happens.
The orc hits you but does no damage.
You closely miss the orc priest.
The orc priest is heavily wounded.
The orc hits you with a +0 dagger.
* * * LOW HITPOINT WARNING * * *
The orc hits you with a +0 short sword.
You die...

.#.#.#..# ...#.#..#
........# ...#.....#
#.#.o....# #
###........######.
#.#...........?.....
#..........o.##.####
#..........o@# #
#.#...?....#o#
#.........<#>##
#.#......#.[......
........##....#.##
....##.....B#...#
..............### ..
#.#..####..# ##..<#
...


You could see an orc priest, 3 orcs and a giant cockroach.

Vanquished Creatures
  An adder (D:2)
  A worm (D:2)
  A dart slug (D:1)
  4 orcs
  5 endoplasms
  2 giant cockroaches (D:2)
  4 goblins
  4 hobgoblins
  A quokka (D:2)
  A ball python (D:2)
  4 bats
  A frilled lizard (D:2)
  3 kobolds
  2 rats (D:1)
34 creatures vanquished.

Notes
Turn   | Place    | Note
-------+----------+-------------------------------------------
     0 | D:1      | KittyFluff the Gargoyle Berserker began the quest for the
                  | Orb.
     0 | D:1      | Reached XP level 1. HP: 14/14 MP: 1/1
   248 | D:1      | Reached XP level 2. HP: 14/19 MP: 2/2
   364 | D:1      | Found a faded altar of an unknown god.
   929 | D:2      | Reached XP level 3. HP: 23/23 MP: 3/3
  1068 | D:2      | Reached ** piety under Trog
  1333 | D:2      | Found a blossoming altar of Fedhas.
  1645 | D:3      | Reached skill level 1 in Staves
  1737 | D:3      | Slain by an orc

Illustrated notes

Levels and vault maps discovered:
D:1:      dpeg_arrival_castle, layout_loops_ring,
          shapermc_ecumenical_altar_mp_urbaneastern
D:2:      layout_basic, basic_altar
D:3:      layout_loops_ring, st_stairs_9

Skill      XL: |  1  2  3 |
---------------+----------+-----
Armour         | 3 |  3.1
Staves         | 1 |  1.0
Fighting       | |  3.6
Maces & Flails | |  3.4
Dodging        | |  1.9

Action                     || total
---------------------------++-------
  Melee: Mace              ||    50
         Punch             ||     1
         Quarterstaff      ||    54
 Invoke: Berserk           ||     1
 Armour: Animal skin       ||    32
         Robe              ||     5
  Dodge: Dodged            ||    67
